Map: Tourmaline LE

Players

SZsOs (sOs) - Winner!

  • Race: Protoss Protoss
  • Spawn Location: 1:00

Jumy (ForJumy)

  • Race: Protoss Protoss
  • League: Master
  • Spawn Location: 7:00

VOD

Have the link to the VOD?

Description

Time

  • Played on: Jan. 30, 2026, 11:03 a.m.
  • Length: 8:34
Show
View Real Time Build Order
Export as new Build Order

SZsOs Protoss - Winner!

Build Orders: 1 Gate Expand, Phoenix Opening, Chargelot Immortal 

Get SALT Encoding   

  12  0:00  Probe  
  13  0:12  Probe  
  14  0:17  Pylon  
  14  0:24  Probe  
  15  0:35  Probe  
  15  0:36  Gateway  
  15  0:42  Assimilator  
  16  0:43  Probe  
  17  0:52  Probe  
  18  1:03  Probe  
  19  1:15  Probe  
  20  1:21  Nexus  
  20  1:31  Cybernetics Core  
  20  1:34  Probe  
  20  1:39  Assimilator  
  21  1:47  Pylon  
  21  1:48  Probe  
  22  2:00  Probe  
  23  2:07  Shield Battery, Sentry  
  23  2:08  Warp Gate  
  25  2:12  Probe  
  26  2:25  Probe  
  26  2:28  Stalker  
  27  2:33  Probe  
  30  2:37  Probe  
  31  2:44  Probe  
  31  2:47  Gateway  
  31  2:49  Probe, Gateway  
  32  2:52  Probe  
  32  2:57  Probe  
  34  2:59  Sentry  
  34  3:00  Probe  
  38  3:09  Probe  
  38  3:10  Phoenix  
  38  3:11  Probe  
  40  3:16  Robotics Facility  
  40  3:17  Probe  
  40  3:23  Pylon, Probe  
  40  3:26  Probe  
  42  3:29  Sentry  
  42  3:32  Assimilator  
  45  3:35  Probe  
  47  3:41  Probe  
  47  3:47  Probe  
  48  3:49  Pylon  
  48  3:50  Phoenix  
  48  3:51  Pylon  
  48  3:55  Immortal, Probe  
  49  3:59  Probe  
  50  4:09  Nexus  
  54  4:12  Probe x2  
  56  4:20  Stalker  
  58  4:26  Twilight Council, Probe x2  
  60  4:34  Observer  
  60  4:35  Stalker  
  63  4:41  Stalker  
  63  4:42  Probe x2  
  67  4:47  Pylon  
  69  5:01  Probe  
  69  5:03  Charge  
  69  5:05  Probe  
  71  5:09  Stalker x3  
  70  5:34  Phoenix  
  57  5:36  Stalker x3  
  57  5:40  Probe x2  
  63  5:52  Probe x2  
  65  5:57  Pylon  
  65  6:00  Observer  
  65  6:04  Probe x3  
  65  6:08  Immortal  
  65  6:11  Shield Battery  
  68  6:12  Gateway  
  68  6:14  Probe, Gateway  
  68  6:17  Probe x2  
  73  6:28  Stalker x2  
  73  6:29  Stalker  
  69  6:49  Immortal  
  69  6:55  Zealot x3  
  69  6:58  Shield Battery  
  80  7:01  Probe x3  
  80  7:03  Shield Battery  
  80  7:06  Pylon  
  82  7:15  Adept x2  
  84  7:18  Zealot x2, Immortal  
  86  7:25  Stalker  
  86  7:27  Probe x3, Forge  
  95  7:36  Shield Battery  
  95  7:47  Zealot x3  
  95  7:49  Pylon  
  95  7:51  Pylon  
  101  7:52  Pylon  
  105  8:13  Zealot x5  
  99  8:21  Probe x3  
Show
View Real Time Build Order
Export as new Build Order

Jumy Protoss 

Build Orders: Blink Stalkers, Dark Templar Rush 

Get SALT Encoding   

  12  0:00  Probe  
  13  0:12  Probe  
  14  0:16  Pylon  
  14  0:24  Probe  
  15  0:32  Probe  
  15  0:34  Gateway  
  15  0:40  Probe  
  16  0:45  Assimilator  
  17  0:51  Probe  
  18  0:57  Assimilator  
  18  1:03  Probe  
  19  1:07  Gateway  
  19  1:12  Probe  
  20  1:20  Probe  
  20  1:21  Cybernetics Core  
  21  1:29  Probe  
  21  1:32  Pylon  
  22  1:48  Probe  
  23  1:54  Stalker  
  23  1:57  Sentry  
  23  2:00  Probe  
  28  2:05  Warp Gate  
  28  2:10  Pylon  
  28  2:12  Probe  
  29  2:28  Nexus  
  29  2:33  Probe  
  29  2:34  Sentry  
  32  2:38  Stalker  
  34  2:49  Shield Battery  
  34  2:51  Probe  
  35  3:01  Twilight Council  
  35  3:03  Probe  
  36  3:16  Probe  
  36  3:18  Forge  
  37  3:26  Pylon  
  37  3:28  Probe  
  38  3:38  Probe  
  39  3:42  Probe  
  39  3:44  Dark Shrine  
  39  3:47  Probe  
  40  3:50  Probe, Protoss Ground Weapons Level 1  
  42  3:56  Assimilator  
  42  3:57  Probe, Blink  
  43  4:08  Probe  
  44  4:12  Gateway  
  44  4:16  Probe  
  45  4:25  Gateway  
  45  4:28  Gateway  
  45  4:30  Probe x2  
  47  4:34  Stalker  
  49  4:41  Stalker  
  49  4:42  Probe  
  52  4:46  Pylon  
  52  4:47  Probe  
  53  4:54  Probe  
  53  4:57  Dark Templar  
  56  5:00  Probe  
  56  5:03  Pylon  
  56  5:05  Dark Templar  
  59  5:11  Probe  
  59  5:25  Dark Templar x2  
  57  5:28  Probe  
  57  5:31  Probe  
  49  5:40  Probe  
  44  5:47  Stalker x3  
  44  5:49  Probe  
  46  5:52  Probe  
  45  6:01  Probe  
  46  6:04  Stalker x2  
  46  6:05  Probe  
  49  6:12  Stalker  
  49  6:15  Probe  
  49  6:17  Probe, Stalker  
  55  6:27  Stalker, Zealot  
  55  6:28  Zealot  
  61  6:35  Stalker  
  59  6:42  Stalker x2  
  55  6:48  Stalker  
  55  6:49  Probe  
  56  6:55  Stalker  
  56  6:56  Probe  
  56  6:59  Pylon  
  59  7:05  Stalker  
  61  7:12  Stalker x2  
  65  7:23  Stalker  
  65  7:26  Stalker  
  69  7:32  Stalker  
  69  7:35  Zealot x2  
  75  7:48  Stalker  
  75  7:50  Stalker  
  78  8:00  Stalker x2  
  53  8:25  Zealot x2  
Tags
 
Add a new tag
Caveats
  • Supply blocks, unpowered buildings, or Contaminate may cause inaccurate times.
  • Supply counts are checked every 10 seconds.